 Seeded DCSS version 0.31-a0-564-g3b7de120b3 (webtiles) character file.

Game seed: 16161720884980326079 (custom seed)

254 innerfire43 the Changeling (level 5, 0/49 HPs)
             Began as a Troll Shapeshifter on Aug 17, 2023.
             Was a Believer of Ru.
             Slain by an ufetubus (1 damage)
             ... on level 4 of the Dungeon.
             The game lasted 00:03:43 (1733 turns).

innerfire43 the Changeling (Troll Shapeshifter)     Turns: 1733, Time: 00:03:44

Health: 0/49       AC:  4    Str: 23    XL:     5   Next: 91%
Magic:  4/4        EV: 10    Int:  4    God:    Ru [**....]
Gold:   137        SH:  0    Dex: 12    Spells: 4/4 levels left

rFire   . .          .
                       - Unarmed
rCold   . . .        (no shield)
rNeg    . . .        a - +0 animal skin
rPois   .            (helmet currently unavailable)
rElec   .            (cloak currently unavailable)
rCorr   .            (gloves unavailable)
SInv    .            (boots unavailable)
Will    .....        k - amulet of faith Stlth
                     (no ring)
HPRegen 1.08/turn    (no ring)
MPRegen 0.09/turn

%: faith
@: beast-form
A: beast (slay +3), large, unfitting armour, claws 3, regeneration 1, shaggy fur
1, tough skin 1, no stealth, hated by all
a: Begin Untransformation, Renounce Religion


You were on level 4 of the Dungeon.
You worshipped Ru.
Ru was pleased with you.
You were a hulking beast.
You visited 1 branch of the dungeon, and saw 4 of its levels.

You collected 137 gold pieces.

Inventory:

Hand Weapons
 o - a +4 club
Missiles
 m - a throwing net
Armour
 a - a +0 animal skin (worn)
 g - a +0 helmet
 p - the +2 helmet "Paunutas" {rC- Will++ Dex+4 SInv}
   (You took it off Robin on level 2 of the Dungeon)

   Dex+4:     It affects your dexterity (+4).
   rC-:       It makes you vulnerable to cold.
   Will++:    It greatly increases your willpower.
   SInv:      It lets you see invisible.
 s - a +1 cloak
Jewellery
 k - an amulet of faith (around neck)
 l - an amulet of guardian spirit
 n - an amulet of magic regeneration
Talismans
 c - a beast talisman (active)
 d - a flux talisman
Wands
 u - a wand of flame (18)
Scrolls
 e - a scroll of brand weapon {unknown}
 h - 2 scrolls of silence {unknown}
 q - a scroll of fog {unknown}
 t - a scroll of poison {unknown}
 v - a scroll of identify {unknown}
 x - 3 scrolls of teleportation {unknown}
Potions
 b - a potion of lignification
 f - a potion of heal wounds {unknown}
 i - a potion of haste {unknown}
 j - a potion of ambrosia {unknown}
 r - a potion of attraction {unknown}
 w - a potion of curing {unknown}


   Skills:
 - Level 2.1 Fighting
 - Level 1.5 Dodging
 - Level 3.0 Unarmed Combat
 * Level 5.4 Shapeshifting


You had 4 spell levels left.
You didn't know any spells.
Your spell library contained the following spells:

 Spells                   Type           Power      Damage    Failure   Level
 Poisonous Vapours        Pois/Air       0%         N/A       65%         2
 Mephitic Cloud           Conj/Pois/Air  0%         N/A       86%         3
 Freezing Cloud           Conj/Ice/Air   0%         6-21      100%        5


Dungeon Overview and Level Annotations

Branches:
Dungeon (4/15)
 Temple: D:4-7

Altars:
Ru


Innate Abilities, Weirdness & Mutations

You are a hulking beast.
Your limbs bulge with bestial killing power. (Slay +3)
You are too large for most types of armour.
You have claws for hands.
Your natural rate of healing is unusually fast.
You are covered in fur. (AC +1)
You have tough skin. (AC +1)
You cannot be stealthy.
You are hated by all.


Message History

* * * LOW HITPOINT WARNING * * *
You focus your inner power and blind the ufetubus in retribution!
Unknown command.
You scratch the orc.
You kill the orc!
The ufetubus hits you but does no damage.
The ufetubus closely misses you. The goblin barely misses you.
The ufetubus closely misses you. The ufetubus hits you.
* * * LOW HITPOINT WARNING * * *
You barely miss the ufetubus.
The ufetubus stops glowing.
The ufetubus is no longer blind.
The goblin hits you with a +0 club.
* * * LOW HITPOINT WARNING * * *
The ufetubus closely misses you. The ufetubus hits you.
* * * LOW HITPOINT WARNING * * *
You barely miss the ufetubus. The ufetubus closely misses you.
The ufetubus hits you but does no damage.
The goblin barely misses you. The ufetubus hits you.
* * * LOW HITPOINT WARNING * * *
The ufetubus closely misses you.
Unknown command.
You scratch the ufetubus.
The ufetubus is lightly wounded.
The goblin hits you with a +0 club.
* * * LOW HITPOINT WARNING * * *
The kobold throws a stone.
The stone hits you but does no damage. The ufetubus hits you.
* * * LOW HITPOINT WARNING * * *
The ufetubus hits you but does no damage.
You scratch the ufetubus.
The ufetubus is almost dead.
The ufetubus hits you.
* * * LOW HITPOINT WARNING * * *
The ufetubus hits you.
* * * LOW HITPOINT WARNING * * *
The goblin is stunned by your conviction and fails to attack.
The ufetubus hits you.
* * * LOW HITPOINT WARNING * * *
You focus your inner power and illuminate the ufetubus in retribution!
The ufetubus hits you.
You die...

##......#
#.......#
##.......#
#........#
#........#
##.....(....
###....#######
###.....##
#Kh5....#
......g##.....#
....... #.....#
###....
##.....# #....
##.>...# #....
#....# .....
#.... ......


You could see an ufetubus (corona), a goblin and a kobold.

Vanquished Creatures
  Crazy Yiuf (D:2)
  Jessica (D:2)
  An iguana (D:4)
  Terence (D:2)
  A sleepcap (D:4)
  Robin (D:2)
  3 adders (D:2)
  3 worms (D:2)
  A dart slug (D:1)
  8 orcs
  A bat (D:3)
  2 endoplasms
  2 giant cockroaches
  10 hobgoblins
  4 jackals (D:4)
  7 kobolds
  A quokka (D:1)
  3 ball pythons
  3 frilled lizards
  14 goblins
  3 rats
71 creatures vanquished.

Vanquished Creatures (others)
  A goblin (D:2)
1 creature vanquished.

Grand Total: 72 creatures vanquished

Notes
Turn   | Place    | Note
-------+----------+-------------------------------------------
     0 | D:1      | innerfire43 the Troll Shapeshifter began the quest for the
                  | Orb.
     0 | D:1      | Reached XP level 1. HP: 18/18 MP: 0/0
    84 | D:1      | Found a faded altar of an unknown god.
    88 | D:1      | Reached skill level 1 in Fighting
   215 | D:1      | Reached XP level 2. HP: 22/27 MP: 1/1
   480 | D:1      | Prayed at the altar of an unknown god.
   480 | D:1      | Became a worshipper of Ru the Awakened
   485 | D:1      | Gained mutation: You are hated by all. [Ru sacrifice]
   485 | D:1      | Reached * piety under Ru
   485 | D:1      | Reached ** piety under Ru
   501 | D:2      | Noticed Jessica
   504 | D:2      | Killed Jessica
   505 | D:2      | Reached XP level 3. HP: 30/33 MP: 2/2
   558 | D:2      | Identified the +2 helmet "Paunutas" {rC- Will++ Dex+4 SInv}
   558 | D:2      | Noticed Robin
   570 | D:2      | Reached skill level 4 in Shapeshifting
   579 | D:2      | Killed Robin
   580 | D:2      | Reached XP level 4. HP: 40/42 MP: 3/3
   639 | D:2      | Noticed Terence
   650 | D:2      | Killed Terence
   802 | D:2      | Reached XP level 5. HP: 49/49 MP: 4/4
  1011 | D:2      | Found a runed translucent door.
  1012 | D:2      | Noticed Crazy Yiuf
  1020 | D:2      | Killed Crazy Yiuf
  1258 | D:3      | Reached skill level 5 in Shapeshifting
  1341 | D:3      | Identified the +5 dagger of the King {flame, Fly rC+++
                  | Str-5 Dex-4}
  1602 | D:3      | Gained mutation: You cannot be stealthy. [Ru sacrifice]
  1733 | D:4      | HP: 2/49 [ufetubus (4)]
  1733 | D:4      | Slain by an ufetubus

Illustrated notes

Levels and vault maps discovered:
D:1:      nzn_arrival_settlement, layout_rooms,
          shapermc_ecumenical_altar_starsandcircs
D:2:      layout_basic, feat_on_display, uniq_jessica, uniq_robin,
          uniq_crazy_yiuf_cottage, uniq_terence
D:3:      layout_rooms, interstate_on_off, guppyfry_early_orc_mine
D:4:      layout_cave_pods, gammafunk_temple_overflow_wave, enter_ossuary_1,
          serial_shops, kennysheep_little_box

Skill      XL: |  1  2  3  4  5 |
---------------+----------------+-----
Fighting       | 1 2 |  2.1
Shapeshifting  | 4 5 |  5.4
Dodging        | |  1.5
Unarmed Combat | |  3.0

Action                     |  1- 3 |  4- 6 || total
---------------------------+-------+-------++-------
  Melee: Unarmed           |    58 |    93 ||   151
 Invoke: Sacrifice Love    |     1 |       ||     1
         Sacrifice Stealth |       |     1 ||     1
   Stab: Sleeping          |       |     2 ||     2
 Armour: Animal skin       |    15 |    16 ||    31
  Dodge: Dodged            |    24 |    54 ||    78

Table legend: (Time is in decaauts)
 A = Elapsed time spent in this place.
 B = Non-inter-level travel time spent in this place.
 C = Inter-level travel time spent in this place.
 D = Time resting spent in this place.
 E = Time spent auto-exploring this place.
 F = Levels seen in this place.
 G = Mean time per level.
                   A        B        C        D        E       F      G
               +--------+--------+--------+--------+--------+-----+--------+
         Total |   1722 |   1633 |     89 |      0 |   1255 |   4 |  430.5 |
       Dungeon |   1722 |   1633 |     89 |      0 |   1255 |   4 |  430.5 |
               +--------+--------+--------+--------+--------+-----+--------+

Top non-repeatable levels by time:
     D:3: 597 daAuts
     D:2: 555 daAuts
     D:1: 495 daAuts
     D:4: 74 daAuts
